Ducks vs Rangers

Created - 20 décembre 2017 at 21:04

Goals
1 2 3 OT1 T
Ducks 1 1 0 1 3
Rangers 1 0 1 0 2
Shots
1 2 3 OT1 T
Ducks 8 13 4 1 26
Rangers 12 6 7 0 25

1st period

1. Rangers , Nick Bonino 5 (Alex Goligoski 11) at 15:24
2. Ducks , Colton Parayko 4 (Kris Letang 17, Yanni Gourde 2) at 15:58

Penalties :
Wayne Simmonds (ANA) for High sticking (Minor) at 16:57

2nd period

3. Ducks , Mark Scheifele 17 (Travis Hamonic 11, Craig Anderson) at 8:58 (PP)

Penalties :
Michael Del Zotto (NYR) for Tripping (Minor) at 3:51, Anthony Mantha (NYR) for Hooking (Minor) at 7:45, Gabriel Landeskog (ANA) for High sticking (Minor) at 13:24

3rd period

4. Rangers , Connor McDavid 21 (Conor Sheary 18, Alex Goligoski 12) at 8:40

Penalties :
Oliver Ekman-Larsson (NYR) for Hooking (Minor) at 19:07

Overtime #1

5. Ducks , Mark Scheifele 18 (Wayne Simmonds 27, Colton Parayko 13) at 0:20 (PP)

Penalties :
No Penalty

Goalie Stats

Craig Anderson (ANA), 23 saves from 25 shots - (0.920), W, 17-15-3, 60:21 minutes
Scott Darling (NYR), 23 saves from 26 shots - (0.885), OTL, 5-7-1, 60:21 minutes

Players Stats for Ducks

Player Name              G  A  P  +/- PIM S  H  SB GA TA FO     MP     PP MP  PK MP  
------------------------------------------------------------------------------------
Blake Comeau             0  0  0  -1  0   0  1  0  0  0  0/1    16:47   0:00   1:38 
Boone Jenner             0  0  0   0  0   4  1  0  0  0  2/2    14:01   0:00   1:35 
Brandon Dubinsky         0  0  0   0  0   1  1  0  0  0  13/17  14:52   0:00   2:23 
Chris Kunitz             0  0  0   0  0   0  0  0  0  0  0/0     7:12   0:00   0:00 
Claude Giroux            0  0  0  -1  0   3  0  0  0  0  11/21  16:28   1:19   0:00 
Colton Parayko           1  1  2   1  0   1  0  0  0  0  0/0    23:02   1:19   2:15 
Erik Johnson             0  0  0  -1  0   0  2  1  0  0  0/0    16:23   0:00   1:43 
Gabriel Landeskog        0  0  0   0  2   2  1  0  0  0  0/0    19:55   2:45   0:00 
Kris Letang              0  1  1   1  0   2  3  0  0  0  0/0    23:05   1:19   2:15 
Mark Scheifele           2  0  2   0  0   4  1  0  0  0  8/27   20:17   2:45   0:00 
Matt Hunwick             0  0  0  -1  0   0  1  0  0  0  0/0    16:23   0:00   1:43 
Nikita Zaitsev           0  0  0  -1  0   1  1  1  0  0  0/0    20:53   2:45   0:00 
Patrick Marleau          0  0  0  -1  0   1  0  0  0  0  0/1    16:28   1:19   0:00 
Sam Bennett              0  0  0   0  0   2  0  0  0  0  5/8     7:12   0:00   0:00 
Steve Ott                0  0  0   0  0   0  1  0  0  0  0/0     8:47   0:00   1:35 
Travis Hamonic           0  1  1  -1  0   0  1  1  0  0  0/0    20:53   2:45   0:00 
Wayne Simmonds           0  1  1   0  2   5  1  0  0  0  0/0    20:16   2:45   0:00 
Yanni Gourde             0  1  1   0  0   0  0  0  0  0  0/1    14:30   1:19   0:45 

Players Stats for Rangers

Player Name              G  A  P  +/- PIM S  H  SB GA TA FO     MP     PP MP  PK MP  
------------------------------------------------------------------------------------
Alex Goligoski           0  2  2   1  0   2  1  5  0  0  0/0    21:28   1:39   2:09 
Alexei Emelin            0  0  0   0  0   0  0  3  0  0  0/0    17:45   0:00   2:32 
Anthony Mantha           0  0  0   0  2   1  0  0  0  0  0/1    19:42   1:55   0:00 
Benoit Pouliot           0  0  0   0  0   1  0  0  0  0  1/1     7:28   0:00   0:00 
Brandon Pirri            0  0  0   0  0   0  2  0  0  0  4/8     7:28   0:00   0:00 
Cedric Paquette          0  0  0   1  0   0  1  0  0  0  0/0    11:18   0:00   0:00 
Connor McDavid           1  0  1   0  0   1  0  0  0  0  10/21  20:45   1:55   1:02 
Conor Sheary             0  1  1   0  0   9  0  1  0  0  0/1    19:43   1:55   0:00 
Craig Smith              0  0  0   0  0   0  1  0  0  0  1/1     7:28   0:00   0:00 
James Neal               0  0  0   0  0   3  2  0  0  0  0/0    17:27   2:03   0:00 
Jamie McGinn             0  0  0   1  0   0  0  0  0  0  0/2    11:18   0:00   0:00 
Matt Niskanen            0  0  0   0  0   0  3  2  0  0  0/0    24:01   2:19   2:37 
Michael Del Zotto        0  0  0   1  2   1  2  0  0  0  0/0    19:18   1:39   0:00 
Nick Bonino              1  0  1   1  0   3  0  0  0  0  12/18  14:41   0:00   3:23 
Nick Schultz             0  0  0   0  0   1  0  0  0  0  0/0    15:17   0:00   0:04 
Oliver Ekman-Larsson     0  0  0   0  2   1  0  1  0  0  0/0    22:51   2:19   1:28 
Ondrej Palat             0  0  0   0  0   2  0  0  0  0  1/3    20:29   2:03   3:02 
Phillip Danault          0  0  0   0  0   0  0  0  0  0  10/22  18:29   2:03   1:02 

3 Stars

1 - Mark Scheifele (ANA)
2 - Colton Parayko (ANA)
3 - Alex Goligoski (NYR)

Power Play

Ducks - 2 on 3 Attempt(s) - 66.67%
Rangers - 0 on 2 Attempt(s) - 0.00%

Penalty Kill

Ducks - 2 on 2 Attempt(s) - 100.00% - Score 0 goal in Penalty Kill
Rangers - 1 on 3 Attempt(s) - 33.33% - Score 0 goal in Penalty Kill

Team Stat

Ducks - Hits : 15 - Faceoff Wins : 39 - Blocked Shots : 3 - Penalty Minutes : 4
Rangers - Hits : 12 - Faceoff Wins : 39 - Blocked Shots : 12 - Penalty Minutes : 6

Official

Referees : Mike Hasenfratz and Dan O'Rourke
Linesman : Greg Devorski and Lonnie Cameron

Game Notes

No Game Note

Finance

Level 1 -- Attendance: 4304 (66.22%) -- Ticket Income 538 000 $
Level 2 -- Attendance: 4986 (99.72%) -- Ticket Income 373 950 $
Level 3 -- Attendance: 3500 (100.00%) -- Ticket Income 175 000 $
Level 4 -- Attendance: 2006 (100.00%) -- Ticket Income 50 150 $
Luxury Box -- Attendance: 722 (72.20%) -- Ticket Income 180 500 $
Game was played at the Madison Square Garden.
Total Attendance: 15518 (86.18%)
Total Ticket Income: 1 317 600 $
Other Income: 197 640 $
Total Income: 1 515 240 $

% Time on Ice - Ducks

Lines # - Real PCT - Wanted PCT - Time Play
Normal Forward
1 - 33% - 34% - 17:11
2 - 29% - 30% - 15:09
3 - 24% - 25% - 12:26
4 - 14% - 11% - 7:12
Normal Defense
1 - 37% - 37% - 19:10
2 - 35% - 37% - 18:08
3 - 26% - 26% - 13:43
4 - 2% - 0% - 0:57
PP Forward
1 - 68% - 55% - 2:45
2 - 32% - 45% - 1:19
PP Defense
1 - 68% - 55% - 2:45
2 - 32% - 45% - 1:19
PK Forward
1 - 60% - 55% - 2:23
2 - 40% - 45% - 1:35
PK Defense
1 - 43% - 55% - 1:43
2 - 57% - 45% - 2:15
PK3 Forward
1 - 0% - 55%
2 - 0% - 45%
PK3 Defense
1 - 0% - 55%
2 - 0% - 45%
44 Forward
1 - 100% - 55% - 0:21
2 - 0% - 45% - 0:00
44 Defense
1 - 100% - 55% - 0:21
2 - 0% - 45% - 0:00
Last Minute Offensive  - 0:00
Last Minute Defensive  - 0:00
Total
Forward - 60:21
Defense - 60:21

% Time on Ice - Rangers

Lines # - Real PCT - Wanted PCT - Time Play
Normal Forward
1 - 34% - 38% - 17:48
2 - 30% - 32% - 15:24
3 - 22% - 20% - 11:18
4 - 14% - 10% - 7:28
Normal Defense
1 - 37% - 39% - 19:05
2 - 34% - 36% - 17:40
3 - 29% - 25% - 15:13
4 - 0% - 0% - 0:00
PP Forward
1 - 48% - 65% - 1:55
2 - 52% - 35% - 2:03
PP Defense
1 - 58% - 65% - 2:19
2 - 42% - 35% - 1:39
PK Forward
1 - 75% - 55% - 3:02
2 - 25% - 45% - 1:02
PK Defense
1 - 57% - 60% - 2:20
2 - 43% - 40% - 1:44
PK3 Forward
1 - 100% - 55% - 0:21
2 - 0% - 45% - 0:00
PK3 Defense
1 - 100% - 65% - 0:21
2 - 0% - 35% - 0:00
44 Forward
1 - 0% - 51%
2 - 0% - 49%
44 Defense
1 - 0% - 55%
2 - 0% - 45%
Last Minute Offensive  - 0:00
Last Minute Defensive  - 0:00
Total
Forward - 60:21
Defense - 60:21

Play by Play

1st period


0:01 of 1st period - Connor McDavid wins face-off versus Mark Scheifele in neutral zone.
0:29 of 1st period - Shot by Conor Sheary.
0:29 of 1st period - Stopped by Craig Anderson with a rebound.
0:33 of 1st period - Shot by Conor Sheary.
0:33 of 1st period - Stopped by Craig Anderson without a rebound.
0:34 of 1st period - Claude Giroux wins face-off versus Phillip Danault in Ducks zone.
0:41 of 1st period - Shot by Ondrej Palat.
0:41 of 1st period - Stopped by Craig Anderson without a rebound.
0:42 of 1st period - Boone Jenner wins face-off versus Nick Bonino in Ducks zone.
0:59 of 1st period - Shot by Nick Bonino.
0:59 of 1st period - Stopped by Craig Anderson with a rebound.
1:10 of 1st period - Shot by Boone Jenner.
1:10 of 1st period - Stopped by Scott Darling with a rebound.
1:12 of 1st period - Shot by Boone Jenner.
1:12 of 1st period - Shot Blocked by Alexei Emelin.
1:14 of 1st period - Shot by Erik Johnson.
1:14 of 1st period - Shot Blocked by Alexei Emelin.
1:38 of 1st period - Shot by Claude Giroux.
1:38 of 1st period - Stopped by Scott Darling with a rebound.
1:48 of 1st period - Shot by Phillip Danault.
1:48 of 1st period - Shot Blocked by Travis Hamonic.
1:50 of 1st period - Shot by James Neal.
1:50 of 1st period - Stopped by Craig Anderson without a rebound.
1:51 of 1st period - Sam Bennett wins face-off versus Brandon Pirri in Ducks zone.
1:51 of 1st period - Sam Bennett is hit by Brandon Pirri.
2:05 of 1st period - Oliver Ekman-Larsson is hit by Kris Letang and loses puck.
2:21 of 1st period - Sam Bennett is hit by Matt Niskanen and loses puck.
2:49 of 1st period - Icing by Matt Niskanen.
2:50 of 1st period - Mark Scheifele wins face-off versus Brandon Pirri in Rangers zone.
3:18 of 1st period - Shot by Mark Scheifele.
3:18 of 1st period - Shot Blocked by Matt Niskanen.
3:20 of 1st period - Shot by Mark Scheifele.
3:20 of 1st period - Shot Misses the Net.
3:22 of 1st period - Shot by Gabriel Landeskog.
3:22 of 1st period - Shot Misses the Net.
3:24 of 1st period - Shot by Wayne Simmonds.
3:24 of 1st period - Deflect By Mark Scheifele.
3:24 of 1st period - Stopped by Scott Darling without a rebound.
3:25 of 1st period - Connor McDavid wins face-off versus Claude Giroux in Rangers zone.
4:15 of 1st period - Icing by Claude Giroux.
4:16 of 1st period - Phillip Danault wins face-off versus Claude Giroux in Ducks zone.
4:31 of 1st period - James Neal is hit by Erik Johnson and loses puck.
6:17 of 1st period - Mark Scheifele is hit by Matt Niskanen and loses puck.
6:20 of 1st period - Shot by Wayne Simmonds.
6:20 of 1st period - Shot Misses the Net.
6:22 of 1st period - Shot by Colton Parayko.
6:22 of 1st period - Shot Misses the Net.
6:24 of 1st period - Shot by Wayne Simmonds.
6:24 of 1st period - Stopped by Scott Darling without a rebound.
6:25 of 1st period - Sam Bennett wins face-off versus Brandon Pirri in Rangers zone.
7:39 of 1st period - Shot by Connor McDavid.
7:39 of 1st period - Shot Misses the Net.
7:43 of 1st period - Shot by Conor Sheary.
7:43 of 1st period - Stopped by Craig Anderson without a rebound.
7:44 of 1st period - Phillip Danault wins face-off versus Brandon Dubinsky in Ducks zone.
7:46 of 1st period - Ondrej Palat is hit by Matt Hunwick and loses puck.
8:35 of 1st period - Conor Sheary is hit by Boone Jenner and loses puck.
8:47 of 1st period - Icing by Michael Del Zotto.
8:48 of 1st period - Claude Giroux wins face-off versus Connor McDavid in Rangers zone.
8:48 of 1st period - Patrick Marleau is hit by Alex Goligoski and loses puck.
10:11 of 1st period - Off-side.
10:12 of 1st period - Sam Bennett wins face-off versus Phillip Danault in neutral zone.
10:39 of 1st period - Shot by James Neal.
10:39 of 1st period - Stopped by Craig Anderson without a rebound.
10:40 of 1st period - Mark Scheifele wins face-off versus Connor McDavid in Ducks zone.
10:58 of 1st period - Icing by Alex Goligoski.
10:59 of 1st period - Brandon Dubinsky wins face-off versus Conor Sheary in Rangers zone.
11:10 of 1st period - Shot by Conor Sheary.
11:10 of 1st period - Stopped by Craig Anderson without a rebound.
11:11 of 1st period - Mark Scheifele wins face-off versus Phillip Danault in Ducks zone.
11:18 of 1st period - Shot by Ondrej Palat.
11:18 of 1st period - Deflect By James Neal.
11:18 of 1st period - Shot Misses the Net.
12:14 of 1st period - Nick Schultz is hit by Travis Hamonic and loses puck.
12:21 of 1st period - Shot by Connor McDavid.
12:21 of 1st period - Deflect By Conor Sheary.
12:21 of 1st period - Stopped by Craig Anderson without a rebound.
12:22 of 1st period - Claude Giroux wins face-off versus Jamie McGinn in Ducks zone.
12:59 of 1st period - Nick Bonino is hit by Blake Comeau and loses puck.
13:20 of 1st period - Shot by Anthony Mantha.
13:20 of 1st period - Stopped by Craig Anderson without a rebound.
13:21 of 1st period - Craig Smith wins face-off versus Mark Scheifele in Ducks zone.
13:30 of 1st period - Shot by Wayne Simmonds.
13:30 of 1st period - Stopped by Scott Darling without a rebound.
13:31 of 1st period - Brandon Dubinsky wins face-off versus Connor McDavid in Rangers zone.
14:00 of 1st period - Shot by Boone Jenner.
14:00 of 1st period - Stopped by Scott Darling with a rebound.
14:02 of 1st period - Shot by Colton Parayko.
14:02 of 1st period - Shot Misses the Net.
14:10 of 1st period - Shot by Brandon Dubinsky.
14:10 of 1st period - Stopped by Scott Darling without a rebound.
14:11 of 1st period - Ondrej Palat wins face-off versus Mark Scheifele in Rangers zone.
15:24 of 1st period - Shot by Nick Bonino.
15:24 of 1st period - Goal by Nick Bonino - Ducks : 0 - Rangers : 1.
15:25 of 1st period - Brandon Dubinsky wins face-off versus Anthony Mantha in neutral zone.
15:58 of 1st period - Shot by Colton Parayko.
15:58 of 1st period - Goal by Colton Parayko - Ducks : 1 - Rangers : 1.
15:59 of 1st period - Nick Bonino wins face-off versus Claude Giroux in neutral zone.
16:20 of 1st period - Icing by Matt Hunwick.
16:21 of 1st period - Benoit Pouliot wins face-off versus Claude Giroux in Ducks zone.
16:41 of 1st period - Erik Johnson is hit by Brandon Pirri and loses puck.
16:55 of 1st period - Icing by Oliver Ekman-Larsson.
16:56 of 1st period - Brandon Pirri wins face-off versus Mark Scheifele in Rangers zone.
16:56 of 1st period - Brandon Pirri is hit by Wayne Simmonds.
16:57 of 1st period - Minor Penalty to Wayne Simmonds for High sticking.
16:58 of 1st period - Brandon Dubinsky wins face-off versus Connor McDavid in Ducks zone.
17:27 of 1st period - Shot by Conor Sheary.
17:27 of 1st period - Shot Misses the Net.
17:48 of 1st period - Icing by Matt Niskanen.
17:49 of 1st period - Brandon Dubinsky wins face-off versus Phillip Danault in Rangers zone.
18:15 of 1st period - Shot by Matt Niskanen.
18:15 of 1st period - Deflect By Phillip Danault.
18:15 of 1st period - Shot Blocked by Erik Johnson.
18:41 of 1st period - Shot by Conor Sheary.
18:41 of 1st period - Shot Misses the Net.
18:43 of 1st period - Shot by Alex Goligoski.
18:43 of 1st period - Stopped by Craig Anderson without a rebound.
18:44 of 1st period - Brandon Dubinsky wins face-off versus Connor McDavid in Ducks zone.
19:13 of 1st period - Shot by Wayne Simmonds.
19:13 of 1st period - Shot Misses the Net.
19:23 of 1st period - Shot by Cedric Paquette.
19:23 of 1st period - Deflect By Jamie McGinn.
19:23 of 1st period - Shot Misses the Net.
19:25 of 1st period - Shot by Jamie McGinn.
19:25 of 1st period - Shot Misses the Net.
Goals for this period are 1 for Ducks vs 1 for Rangers.
Shots for this period are 8 for Ducks vs 12 for Rangers.

2nd period


0:01 of 2nd period - Connor McDavid wins face-off versus Mark Scheifele in neutral zone.
0:18 of 2nd period - Shot by Wayne Simmonds.
0:18 of 2nd period - Stopped by Scott Darling without a rebound.
0:19 of 2nd period - Brandon Dubinsky wins face-off versus Phillip Danault in Rangers zone.
1:01 of 2nd period - Boone Jenner is hit by James Neal and loses puck.
1:54 of 2nd period - Shot by Conor Sheary.
1:54 of 2nd period - Stopped by Craig Anderson without a rebound.
1:55 of 2nd period - Nick Bonino wins face-off versus Claude Giroux in Ducks zone.
2:46 of 2nd period - Shot by Sam Bennett.
2:46 of 2nd period - Shot Blocked by Alexei Emelin.
3:04 of 2nd period - Shot by Sam Bennett.
3:04 of 2nd period - Stopped by Scott Darling without a rebound.
3:05 of 2nd period - Connor McDavid wins face-off versus Mark Scheifele in Rangers zone.
3:28 of 2nd period - Shot by Mark Scheifele.
3:28 of 2nd period - Stopped by Scott Darling without a rebound.
3:29 of 2nd period - Phillip Danault wins face-off versus Yanni Gourde in Rangers zone.
3:46 of 2nd period - Shot by Brandon Dubinsky.
3:46 of 2nd period - Shot Blocked by Oliver Ekman-Larsson.
3:48 of 2nd period - Shot by Boone Jenner.
3:48 of 2nd period - Stopped by Scott Darling without a rebound.
3:49 of 2nd period - Mark Scheifele wins face-off versus Connor McDavid in Rangers zone.
3:51 of 2nd period - Minor Penalty to Michael Del Zotto for Tripping.
3:52 of 2nd period - Nick Bonino wins face-off versus Mark Scheifele in Rangers zone.
4:01 of 2nd period - Shot by Mark Scheifele.
4:01 of 2nd period - Shot Hit the Post.
4:03 of 2nd period - Shot by Nikita Zaitsev.
4:03 of 2nd period - Stopped by Scott Darling without a rebound.
4:04 of 2nd period - Claude Giroux wins face-off versus Ondrej Palat in Rangers zone.
4:13 of 2nd period - Shot by Kris Letang.
4:13 of 2nd period - Stopped by Scott Darling without a rebound.
4:14 of 2nd period - Nick Bonino wins face-off versus Mark Scheifele in Rangers zone.
4:23 of 2nd period - Alex Goligoski is hit by Gabriel Landeskog and loses puck.
6:04 of 2nd period - Shot by Benoit Pouliot.
6:04 of 2nd period - Stopped by Craig Anderson without a rebound.
6:05 of 2nd period - Connor McDavid wins face-off versus Sam Bennett in Ducks zone.
6:24 of 2nd period - Shot by Conor Sheary.
6:24 of 2nd period - Stopped by Craig Anderson without a rebound.
6:25 of 2nd period - Brandon Pirri wins face-off versus Mark Scheifele in Ducks zone.
6:40 of 2nd period - Shot by Wayne Simmonds.
6:40 of 2nd period - Stopped by Scott Darling without a rebound.
6:41 of 2nd period - Claude Giroux wins face-off versus Connor McDavid in Rangers zone.
6:50 of 2nd period - Shot by Conor Sheary.
6:50 of 2nd period - Shot Misses the Net.
7:31 of 2nd period - Shot by Gabriel Landeskog.
7:31 of 2nd period - Deflect By Mark Scheifele.
7:31 of 2nd period - Shot Misses the Net.
7:33 of 2nd period - Shot by Travis Hamonic.
7:33 of 2nd period - Shot Hit the Post.
7:45 of 2nd period - Minor Penalty to Anthony Mantha for Hooking.
7:46 of 2nd period - Nick Bonino wins face-off versus Mark Scheifele in Rangers zone.
8:02 of 2nd period - Ondrej Palat is hit by Nikita Zaitsev and loses puck.
8:13 of 2nd period - Shot by Nikita Zaitsev.
8:13 of 2nd period - Shot Misses the Net.
8:15 of 2nd period - Shot by Gabriel Landeskog.
8:15 of 2nd period - Shot Misses the Net.
8:17 of 2nd period - Shot by Gabriel Landeskog.
8:17 of 2nd period - The goal is going for a video replay.
8:17 of 2nd period - The goal is refused.
8:18 of 2nd period - Claude Giroux wins face-off versus Nick Bonino in Rangers zone.
8:19 of 2nd period - Shot by Kris Letang.
8:19 of 2nd period - Stopped by Scott Darling without a rebound.
8:20 of 2nd period - Nick Bonino wins face-off versus Claude Giroux in Rangers zone.
8:26 of 2nd period - Icing by Colton Parayko.
8:27 of 2nd period - Claude Giroux wins face-off versus Nick Bonino in Ducks zone.
8:36 of 2nd period - Shot by Colton Parayko.
8:36 of 2nd period - Shot Misses the Net.
8:38 of 2nd period - Shot by Colton Parayko.
8:38 of 2nd period - Shot Misses the Net.
8:40 of 2nd period - Shot by Claude Giroux.
8:40 of 2nd period - Stopped by Scott Darling without a rebound.
8:41 of 2nd period - Mark Scheifele wins face-off versus Connor McDavid in Rangers zone.
8:56 of 2nd period - Shot by Mark Scheifele.
8:56 of 2nd period - Shot Misses the Net.
8:58 of 2nd period - Shot by Mark Scheifele.
8:58 of 2nd period - Goal by Mark Scheifele - Ducks : 2 - Rangers : 1.
8:59 of 2nd period - Brandon Dubinsky wins face-off versus Connor McDavid in neutral zone.
9:53 of 2nd period - Off-side.
9:54 of 2nd period - Phillip Danault wins face-off versus Mark Scheifele in neutral zone.
10:31 of 2nd period - Shot by Ondrej Palat.
10:31 of 2nd period - Stopped by Craig Anderson without a rebound.
10:32 of 2nd period - Nick Bonino wins face-off versus Claude Giroux in Ducks zone.
10:37 of 2nd period - Shot by Jamie McGinn.
10:37 of 2nd period - Shot Misses the Net.
10:55 of 2nd period - Shot by Patrick Marleau.
10:55 of 2nd period - Deflect By Claude Giroux.
10:55 of 2nd period - Stopped by Scott Darling without a rebound.
10:56 of 2nd period - Sam Bennett wins face-off versus Connor McDavid in Rangers zone.
12:04 of 2nd period - Gabriel Landeskog is hit by James Neal and loses puck.
12:13 of 2nd period - Shot by Phillip Danault.
12:13 of 2nd period - Shot Misses the Net.
12:15 of 2nd period - Shot by Michael Del Zotto.
12:15 of 2nd period - Stopped by Craig Anderson without a rebound.
12:16 of 2nd period - Claude Giroux wins face-off versus Nick Bonino in Ducks zone.
12:31 of 2nd period - Shot by Blake Comeau.
12:31 of 2nd period - Shot Misses the Net.
12:33 of 2nd period - Shot by Patrick Marleau.
12:33 of 2nd period - Shot Misses the Net.
13:19 of 2nd period - Shot by Boone Jenner.
13:19 of 2nd period - Stopped by Scott Darling without a rebound.
13:20 of 2nd period - Phillip Danault wins face-off versus Mark Scheifele in Rangers zone.
13:20 of 2nd period - Ondrej Palat is hit by Mark Scheifele and loses puck.
13:24 of 2nd period - Minor Penalty to Gabriel Landeskog for High sticking.
13:25 of 2nd period - Connor McDavid wins face-off versus Brandon Dubinsky in Ducks zone.
14:36 of 2nd period - Shot by James Neal.
14:36 of 2nd period - Shot Misses the Net.
14:38 of 2nd period - Shot by Alex Goligoski.
14:38 of 2nd period - Stopped by Craig Anderson without a rebound.
14:39 of 2nd period - Boone Jenner wins face-off versus Phillip Danault in Ducks zone.
16:58 of 2nd period - Shot by Patrick Marleau.
16:58 of 2nd period - Shot Blocked by Alex Goligoski.
17:39 of 2nd period - Shot by Yanni Gourde.
17:39 of 2nd period - Shot Misses the Net.
18:18 of 2nd period - Icing by Colton Parayko.
18:19 of 2nd period - Mark Scheifele wins face-off versus Ondrej Palat in Ducks zone.
18:49 of 2nd period - Icing by Alexei Emelin.
18:50 of 2nd period - Claude Giroux wins face-off versus Phillip Danault in Rangers zone.
19:16 of 2nd period - Icing by Nick Schultz.
19:17 of 2nd period - Phillip Danault wins face-off versus Brandon Dubinsky in Rangers zone.
19:17 of 2nd period - Phillip Danault is hit by Brandon Dubinsky.
19:43 of 2nd period - Icing by Travis Hamonic.
19:44 of 2nd period - Brandon Dubinsky wins face-off versus Jamie McGinn in Ducks zone.
19:44 of 2nd period - Boone Jenner is hit by Cedric Paquette and loses puck.
19:56 of 2nd period - Yanni Gourde is hit by Matt Niskanen.
Goals for this period are 1 for Ducks vs 0 for Rangers.
Shots for this period are 13 for Ducks vs 6 for Rangers.

3rd period


0:01 of 3rd period - Connor McDavid wins face-off versus Mark Scheifele in neutral zone.
0:24 of 3rd period - Shot by Mark Scheifele.
0:24 of 3rd period - Deflect By Gabriel Landeskog.
0:24 of 3rd period - Shot Blocked by Alex Goligoski.
0:26 of 3rd period - Shot by Travis Hamonic.
0:26 of 3rd period - Shot Blocked by Conor Sheary.
1:07 of 3rd period - Patrick Marleau is hit by Michael Del Zotto and loses puck.
1:45 of 3rd period - Icing by Yanni Gourde.
1:46 of 3rd period - Brandon Dubinsky wins face-off versus Phillip Danault in Ducks zone.
2:08 of 3rd period - Shot by James Neal.
2:08 of 3rd period - Stopped by Craig Anderson without a rebound.
2:09 of 3rd period - Nick Bonino wins face-off versus Mark Scheifele in Ducks zone.
2:16 of 3rd period - Shot by Nick Bonino.
2:16 of 3rd period - Shot Hit the Post.
2:18 of 3rd period - Shot by Nick Bonino.
2:18 of 3rd period - Stopped by Craig Anderson without a rebound.
2:19 of 3rd period - Sam Bennett wins face-off versus Brandon Pirri in Ducks zone.
2:27 of 3rd period - Off-side.
2:28 of 3rd period - Mark Scheifele wins face-off versus Phillip Danault in neutral zone.
2:30 of 3rd period - Off-side.
2:31 of 3rd period - Phillip Danault wins face-off versus Mark Scheifele in neutral zone.
2:55 of 3rd period - Shot by James Neal.
2:55 of 3rd period - Shot Misses the Net.
3:45 of 3rd period - Shot by Nick Bonino.
3:45 of 3rd period - Shot Misses the Net.
4:14 of 3rd period - Icing by Mark Scheifele.
4:15 of 3rd period - Connor McDavid wins face-off versus Mark Scheifele in Ducks zone.
4:18 of 3rd period - Shot by Anthony Mantha.
4:18 of 3rd period - Shot Misses the Net.
5:15 of 3rd period - Off-side.
5:16 of 3rd period - Brandon Dubinsky wins face-off versus Phillip Danault in neutral zone.
5:47 of 3rd period - Shot by Brandon Dubinsky.
5:47 of 3rd period - Shot Misses the Net.
5:49 of 3rd period - Shot by Boone Jenner.
5:49 of 3rd period - Shot Misses the Net.
5:51 of 3rd period - Shot by Yanni Gourde.
5:51 of 3rd period - Shot Blocked by Alex Goligoski.
5:53 of 3rd period - Shot by Matt Hunwick.
5:53 of 3rd period - Shot Blocked by Alex Goligoski.
6:19 of 3rd period - Shot by Cedric Paquette.
6:19 of 3rd period - Shot Misses the Net.
6:21 of 3rd period - Shot by Cedric Paquette.
6:21 of 3rd period - Shot Hit the Post.
6:23 of 3rd period - Shot by Nick Bonino.
6:23 of 3rd period - Shot Misses the Net.
6:25 of 3rd period - Shot by Nick Bonino.
6:25 of 3rd period - Shot Misses the Net.
6:27 of 3rd period - Shot by Nick Schultz.
6:27 of 3rd period - Stopped by Craig Anderson without a rebound.
6:28 of 3rd period - Brandon Pirri wins face-off versus Patrick Marleau in Ducks zone.
6:46 of 3rd period - Icing by Matt Hunwick.
6:47 of 3rd period - Nick Bonino wins face-off versus Claude Giroux in Ducks zone.
6:57 of 3rd period - Icing by Blake Comeau.
6:58 of 3rd period - Claude Giroux wins face-off versus Connor McDavid in Ducks zone.
7:15 of 3rd period - Shot by Conor Sheary.
7:15 of 3rd period - Stopped by Craig Anderson without a rebound.
7:16 of 3rd period - Phillip Danault wins face-off versus Mark Scheifele in Ducks zone.
8:24 of 3rd period - Shot by Anthony Mantha.
8:24 of 3rd period - Shot Misses the Net.
8:30 of 3rd period - Shot by Conor Sheary.
8:30 of 3rd period - Shot Misses the Net.
8:32 of 3rd period - Shot by Michael Del Zotto.
8:32 of 3rd period - Shot Blocked by Nikita Zaitsev.
8:40 of 3rd period - Shot by Connor McDavid.
8:40 of 3rd period - Goal by Connor McDavid - Ducks : 2 - Rangers : 2.
8:41 of 3rd period - Nick Bonino wins face-off versus Blake Comeau in neutral zone.
8:57 of 3rd period - Shot by Patrick Marleau.
8:57 of 3rd period - Stopped by Scott Darling without a rebound.
8:58 of 3rd period - Brandon Pirri wins face-off versus Sam Bennett in Rangers zone.
8:58 of 3rd period - Michael Del Zotto is hit by Steve Ott.
9:14 of 3rd period - Shot by Sam Bennett.
9:14 of 3rd period - Stopped by Scott Darling with a rebound.
9:22 of 3rd period - Shot by Sam Bennett.
9:22 of 3rd period - Shot Misses the Net.
9:24 of 3rd period - Shot by Sam Bennett.
9:24 of 3rd period - Shot Misses the Net.
9:26 of 3rd period - Shot by Kris Letang.
9:26 of 3rd period - Shot Misses the Net.
9:38 of 3rd period - Chris Kunitz is hit by Craig Smith and loses puck.
10:37 of 3rd period - Icing by Kris Letang.
10:38 of 3rd period - Phillip Danault wins face-off versus Sam Bennett in Ducks zone.
10:38 of 3rd period - Phillip Danault is hit by Kris Letang.
10:40 of 3rd period - Shot by James Neal.
10:40 of 3rd period - Shot Misses the Net.
10:58 of 3rd period - Shot by Blake Comeau.
10:58 of 3rd period - Shot Misses the Net.
11:41 of 3rd period - Off-side.
11:42 of 3rd period - Connor McDavid wins face-off versus Mark Scheifele in neutral zone.
11:49 of 3rd period - Oliver Ekman-Larsson is hit by Erik Johnson.
12:09 of 3rd period - Shot by Wayne Simmonds.
12:09 of 3rd period - Shot Blocked by Matt Niskanen.
13:18 of 3rd period - Shot by Brandon Dubinsky.
13:18 of 3rd period - Shot Blocked by Alex Goligoski.
13:25 of 3rd period - Icing by Michael Del Zotto.
13:26 of 3rd period - Claude Giroux wins face-off versus Nick Bonino in Rangers zone.
13:42 of 3rd period - Jamie McGinn is hit by Kris Letang and loses puck.
13:55 of 3rd period - Shot by Patrick Marleau.
13:55 of 3rd period - Shot Misses the Net.
13:57 of 3rd period - Shot by Patrick Marleau.
13:57 of 3rd period - Shot Hit the Post.
14:09 of 3rd period - Shot by Wayne Simmonds.
14:09 of 3rd period - Stopped by Scott Darling without a rebound.
14:10 of 3rd period - Brandon Dubinsky wins face-off versus Phillip Danault in Rangers zone.
14:34 of 3rd period - Shot by Brandon Dubinsky.
14:34 of 3rd period - Shot Misses the Net.
14:36 of 3rd period - Shot by Erik Johnson.
14:36 of 3rd period - Shot Misses the Net.
14:48 of 3rd period - Shot by James Neal.
14:48 of 3rd period - Shot Misses the Net.
16:18 of 3rd period - Shot by Conor Sheary.
16:18 of 3rd period - Stopped by Craig Anderson with a rebound.
16:20 of 3rd period - Shot by Michael Del Zotto.
16:20 of 3rd period - Shot Misses the Net.
16:29 of 3rd period - Icing by Kris Letang.
16:30 of 3rd period - Nick Bonino wins face-off versus Claude Giroux in Ducks zone.
16:53 of 3rd period - Shot by Oliver Ekman-Larsson.
16:53 of 3rd period - Stopped by Craig Anderson without a rebound.
16:54 of 3rd period - Phillip Danault wins face-off versus Brandon Dubinsky in Ducks zone.
17:00 of 3rd period - Icing by Matt Hunwick.
17:01 of 3rd period - Brandon Dubinsky wins face-off versus Phillip Danault in Ducks zone.
18:10 of 3rd period - Mark Scheifele is hit by Michael Del Zotto and loses puck.
18:13 of 3rd period - Shot by Gabriel Landeskog.
18:13 of 3rd period - Stopped by Scott Darling without a rebound.
18:14 of 3rd period - Connor McDavid wins face-off versus Claude Giroux in Rangers zone.
19:07 of 3rd period - Minor Penalty to Oliver Ekman-Larsson for Hooking.
19:08 of 3rd period - Mark Scheifele wins face-off versus Nick Bonino in Rangers zone.
Goals for this period are 0 for Ducks vs 1 for Rangers.
Shots for this period are 4 for Ducks vs 7 for Rangers.

Overtime #1


0:01 of 1st overtime period - Nick Bonino wins face-off versus Mark Scheifele in neutral zone.
0:18 of 1st overtime period - Shot by Wayne Simmonds.
0:18 of 1st overtime period - Deflect By Mark Scheifele.
0:18 of 1st overtime period - Shot Misses the Net.
0:20 of 1st overtime period - Shot by Mark Scheifele.
0:20 of 1st overtime period - Goal by Mark Scheifele - Ducks : 3 - Rangers : 2.
Goals for this period are 1 for Ducks vs 0 for Rangers.
Shots for this period are 1 for Ducks vs 0 for Rangers.